 Dungeon Crawl Stone Soup version 0.20.2-3-g29329e0561 (webtiles) character file.

114 Alfie the Skirmisher (level 4, -3/41 HPs)
             Began as a Hill Orc Fighter on Feb 28, 2024.
             Slain by Alfie's ghost (10 damage)
             ... on level 3 of the Dungeon.
             The game lasted 00:05:01 (1898 turns).

Alfie the Skirmisher (Hill Orc Fighter)             Turns: 1898, Time: 00:05:01

Health: -3/41      AC:  8    Str: 19    XL:     4   Next: 97%
Magic:  4/4        EV:  7    Int:  8    God:
Gold:   124        SH:  9    Dex: 10    Spells: 3/3 levels left

rFire    . . .     SeeInvis .   a - +0 rapier
rCold    . . .     Gourm    .   c - +0 shield
rNeg     . . .     Faith    .   b - +0 scale mail
rPois    .         Spirit   .   (no helmet)
rElec    .         Reflect  .   l - +0 cloak
rCorr    .         Harm     .   (no gloves)
MR       .....                  (no boots)
Stlth    ..........             (no amulet)
Regen    0.2/turn               (no ring)
MPRegen  0.1/turn               (no ring)

@: no status effects
A: no striking features
a: no special abilities


You were on level 3 of the Dungeon.
You were not hungry.

You visited 1 branch of the dungeon, and saw 3 of its levels.

You collected 124 gold pieces.

Inventory:

Hand Weapons
 a - a +0 rapier (weapon)
Missiles
 o - 4 tomahawks (quivered)
Armour
 b - a +0 scale mail (worn)
 c - a +0 shield (worn)
 l - a +0 cloak (worn)
Scrolls
 g - 4 scrolls of amnesia {unknown}
 k - a scroll of enchant armour {unknown}
 m - 2 scrolls of magic mapping {unknown}
 q - a scroll of teleportation {unknown}
 r - 2 scrolls of fog {unknown}
Potions
 d - a potion of might
 e - a potion of magic {unknown}
 h - a potion of ambrosia {unknown}
 i - a potion of flight {unknown}
 j - a potion of invisibility {unknown}
 p - a potion of curing {unknown}
Comestibles
 f - 2 bread rations
 n - a meat ration


   Skills:
 + Level 4.4 Fighting
 + Level 2.8 Short Blades
 + Level 4.1 Armour
 + Level 0.4 Dodging
 + Level 4.1 Shields


You had 3 spell levels left.
You didn't know any spells.

Dungeon Overview and Level Annotations

Branches:
Dungeon (3/15)

Altars:
Cheibriados
Dithmenos

Annotations:
D:3 Alfie's ghost, amateur HOFi


Message History

Alfie's ghost hits you!
* * * LOW HITPOINT WARNING * * *
You closely miss Alfie's ghost.
Alfie's ghost is moderately damaged.
Alfie's ghost hits you but does no damage.
You closely miss Alfie's ghost.
Alfie's ghost is moderately damaged.
Alfie's ghost hits you.
* * * LOW HITPOINT WARNING * * *
You block Alfie's ghost's attack.
You hit Alfie's ghost.
Alfie's ghost is moderately damaged.
Alfie's ghost hits you but does no damage.
You completely miss Alfie's ghost.
Alfie's ghost is moderately damaged.
You block Alfie's ghost's attack.
You hit Alfie's ghost but do no damage.
Alfie's ghost is moderately damaged.
Alfie's ghost hits you!
You die...

........#
######.#
........# #.#
........# #.#
........# #.#
####..###
######.######
...
#..........>#
.#..
#...........#
#..>........#
######@######
#W#
#....gwho#
#.....o[o#
#..........
#.........##
#.........#
#.........#
#..........


You could see a worm, Alfie's ghost, 2 orcs, a jackal and a goblin.

Vanquished Creatures
  Terence (D:2)
  Robin (D:2)
  An adder (D:2)
  A worm (D:2)
  3 dart slugs
  A leopard gecko (D:2)
  A giant cockroach (D:2)
  13 goblins
  5 hobgoblins
  9 jackals
  A quokka (D:2)
  7 bats
  A frilled lizard (D:1)
  4 kobolds
  5 rats
54 creatures vanquished.

Notes
Turn   | Place    | Note
-------+----------+-------------------------------------------
     0 | D:1      | Alfie the Hill Orc Fighter began the quest for the Orb.
     0 | D:1      | Reached XP level 1. HP: 19/19 MP: 1/1
   115 | D:1      | Reached XP level 2. HP: 27/27 MP: 2/2
  1013 | D:2      | Reached XP level 3. HP: 33/33 MP: 3/3
  1121 | D:2      | Noticed Terence
  1151 | D:2      | Killed Terence
  1151 | D:2      | Reached XP level 4. HP: 23/40 MP: 4/4
  1334 | D:2      | Noticed Robin
  1392 | D:2      | Killed Robin
  1743 | D:2      | Found a snail-covered altar of Cheibriados.
  1745 | D:2      | Found a shadowy altar of Dithmenos.
  1873 | D:3      | Noticed Alfie's ghost (amateur HOFi)
  1898 | D:3      | Slain by Alfie's ghost

Skill      XL: |  1  2  3  4 |
---------------+-------------+-----
Fighting       | 4 |  4.4
Armour         | 4 |  4.1
Shields        | 4 |  4.1
Short Blades   | |  2.8
Dodging        | |  0.4

Action                   |  1- 3 |  4- 6 || total
-------------------------+-------+-------++-------
Melee: Rapier            |   126 |   104 ||   230
  Eat: Royal jelly       |     1 |       ||     1
       Bread ration      |       |     1 ||     1
Armor: Scale mail        |    48 |    51 ||    99
Dodge: Dodged            |    48 |    30 ||    78
Block: Shield            |    74 |    59 ||   133
